 Dungeon Crawl Stone Soup version 0.27-a0-416-gca2cecf3c0 (webtiles) character file.

Game seed: 1335092217060899347

98 sahdkjhfkaj the Sneak (level 4, 0/21 HPs)
             Began as a Spriggan Necromancer on Feb 24, 2021.
             Slain by a worm (10 damage)
             ... on level 3 of the Dungeon.
             The game lasted 00:02:32 (3076 turns).

sahdkjhfkaj the Sneak (Spriggan Necromancer)        Turns: 3076, Time: 00:02:32

Health: 0/21       AC:  2    Str:  4    XL:     4   Next: 43%
Magic:  0/9        EV: 21    Int: 17    God:
Gold:   67         SH:  0    Dex: 15    Spells: 8/9 levels left

rFire    . . .     SeeInvis +   a - +0 short sword
rCold    . . .     Faith    .   (shield restricted)
rNeg     . . .     Spirit   .   i - +0 robe
rPois    .         Reflect  .   (helmet restricted)
rElec    .         Harm     .   (no cloak)
rCorr    .         Rampage  .   (gloves unavailable)
Will     .....                  (boots unavailable)
Stlth    +++.......             (no amulet)
HPRegen  0.07/turn              h - +4 ring of evasion
MPRegen  0.11/turn              c - ring of wizardry

@: very quick
A: very small, unfitting armour, see invisible, speed 3
a: no special abilities


You were on level 3 of the Dungeon.
You visited 1 branch of the dungeon, and saw 3 of its levels.

You collected 67 gold pieces.

Inventory:

Hand Weapons
 a - a +0 short sword (weapon)
Armour
 i - a +0 robe (worn)
Jewellery
 c - a ring of wizardry (right hand)
 h - a +4 ring of evasion (left hand)
Scrolls
 b - a scroll of random uselessness {!r, unknown}
 d - 3 scrolls of immolation {!r, unknown}
 e - a scroll of magic mapping {!r, unknown}
 f - 2 scrolls of teleportation {!r, unknown}
 g - a scroll of blinking {!r, unknown}
 j - a scroll of identify {!r, unknown}
Potions
 k - a potion of haste {!q, unknown}


   Skills:
 - Level 2.6 Dodging
 - Level 5.0 Stealth
 - Level 3.0 Spellcasting
 + Level 4.7 Necromancy


You had 8 spell levels left.
You knew the following spells:

 Your Spells              Type           Power        Failure   Level
a - Pain                  Necr           72%          1%          1

Your spell library contained the following spells:

 Spells                   Type           Power        Failure   Level
 Animate Skeleton         Necr           36%          1%          1
 Vampiric Draining        Necr           9%           3%          3
 Animate Dead             Necr           9%           10%         4
 Agony                    Necr           18%          26%         5


Dungeon Overview and Level Annotations

Branches:
Dungeon (3/15)

Altars:


Innate Abilities, Weirdness & Mutations

You are very small and have problems with some larger weapons.
You are too small for most types of armour.
You have supernaturally acute eyesight. (SInv)
You cover ground extremely quickly.


Message History

The worm writhes in agony.
Casting: Pain (safe; 1% risk of failure)
Confirm with . or Enter, or press ? or * to list all spells.
Aiming: Pain (safe; 1% risk of failure)
Press: ? - help, Shift-Dir - straight line, f/p - worm
Aim: a worm (moderately wounded, chance to affect: 84%)
The worm writhes in agony.
Casting: Pain (safe; 1% risk of failure)
Confirm with . or Enter, or press ? or * to list all spells.
Aiming: Pain (safe; 1% risk of failure)
Press: ? - help, Shift-Dir - straight line, f/p - worm
Aim: a worm (moderately wounded, chance to affect: 84%)
The worm barely resists.
Casting: Pain (safe; 1% risk of failure)
Confirm with . or Enter, or press ? or * to list all spells.
You don't have enough magic to cast this spell.
Casting: Pain (safe; 1% risk of failure)
Confirm with . or Enter, or press ? or * to list all spells.
You don't have enough magic to cast this spell.
Casting: Pain (safe; 1% risk of failure)
Confirm with . or Enter, or press ? or * to list all spells.
You don't have enough magic to cast this spell.
You hit the worm.
The worm is heavily wounded.
The worm barely misses you.
You hit the worm.
The worm is heavily wounded.
The worm misses you.
You hit the worm.
The worm is heavily wounded.
You barely miss the worm.
The worm is heavily wounded.
The worm completely misses you.
Casting: Pain (safe; 1% risk of failure)
Confirm with . or Enter, or press ? or * to list all spells.
Aiming: Pain (safe; 1% risk of failure)
Press: ? - help, Shift-Dir - straight line, f/p - worm
Aim: a worm (heavily wounded, chance to affect: 84%)
The worm writhes in agony.
The worm bites you!
You die...

#..# # #..# # #..# #
### #..######### ...
#..$....>.w.
#.#######..w$.......
#..[......#########.
###w####### #. #@#
#. #.# ###. #.# ....
..# ###. ..# #. ....
## #.## #.


You could see a worm.

Vanquished Creatures
  A worker ant (D:3)
  An adder (D:3)
  An ooze (D:1)
  An adder skeleton (D:2)
  2 worms
  2 dart slugs (D:1)
  2 leopard geckos (D:2)
  2 giant cockroaches (D:1)
  6 goblins
  9 hobgoblins
  2 ball pythons (D:1)
  3 bats
  2 frilled lizards (D:2)
  7 kobolds
  4 rats
45 creatures vanquished.

Notes
Turn   | Place    | Note
-------+----------+-------------------------------------------
     0 | D:1      | sahdkjhfkaj the Spriggan Necromancer began the quest for
                  | the Orb.
     0 | D:1      | Reached XP level 1. HP: 9/9 MP: 5/5
   334 | D:1      | Reached XP level 2. HP: 10/13 MP: 3/6
  1079 | D:1      | Reached skill level 4 in Stealth
  1374 | D:1      | Reached XP level 3. HP: 14/16 MP: 5/8
  1656 | D:2      | Reached skill level 5 in Stealth
  1950 | D:2      | You fall into a shaft and drop 1 floor!
  2167 | D:2      | Found a faded altar of an unknown god.
  2845 | D:3      | Reached XP level 4. HP: 12/21 MP: 3/9
  3076 | D:3      | Slain by a worm

Illustrated notes

Levels and vault maps discovered:
D:1:      dpeg_arrival_tiny_a, layout_rooms
D:2:      layout_rooms, chequers_ecumenical_altar_simple, st_stairs_10,
          minivault_11
D:3:      cheibrodos_greedy_goblins, layout_loops_ring,
          lightli_sewer_entry_pipes, ebering_ghost_sewer_d

Skill      XL: |  1  2  3 |
---------------+----------+-----
Necromancy     | 4 |  4.7
Spellcasting   | 3 |  3.0
Stealth        | 4 5 |  5.0
Dodging        | |  2.6

Action                   |  1- 3 |  4- 6 || total
-------------------------+-------+-------++-------
Melee: Unarmed           |    13 |       ||    13
       Short sword       |       |     7 ||     7
 Cast: Pain              |    78 |    14 ||    92
Armor: Robe              |       |     1 ||     1
Dodge: Dodged            |    20 |     8 ||    28

Table legend: (Time is in decaauts)
 A = Elapsed time spent in this place.
 B = Non-inter-level travel time spent in this place.
 C = Inter-level travel time spent in this place.
 D = Time resting spent in this place.
 E = Time spent auto-exploring this place.
 F = Levels seen in this place.
 G = Mean time per level.
                   A        B        C        D        E       F      G
               +--------+--------+--------+--------+--------+-----+--------+
         Total |   2673 |   2642 |     31 |      5 |   2367 |   3 |  891.0 |
       Dungeon |   2673 |   2642 |     31 |      5 |   2367 |   3 |  891.0 |
               +--------+--------+--------+--------+--------+-----+--------+

Top non-repeatable levels by time:
     D:1: 1390 daAuts
     D:2: 1013 daAuts
     D:3: 269 daAuts
